Match 43029224
Unlisted

Match 43029224
End
Kradschützen Motorcycle Team
Panzerpioneer Squad
Panzerpioneer Squad
Construct Light Support Kompanie
MG34 Team
Fire Support Elements
le.IG 18 Support Gun Team
Flakvierling Half-track
Vehicle Survival Package
Construct Panzerarmee Kommand
Tungsten Core Ammunition
2.5-tonne Medical Truck
Panzer III L Medium Tank
Emergency Repair Kits
Selects Armored Support Battlegroup
Selects Salvage Kits
Selects Veteran Gunners
Selects Panzer Storm
Panzerjäger Mechanized Group
Panzer III L Medium Tank
Pak 38 Anti-tank Gun Team
Panzer III L Medium Tank
Panzer III L Medium Tank
Panzer III L Medium Tank
Selects Stuka Dive Bomb
Stuka Dive Bomb
Panzer III L Medium Tank
Rapid Advance
Stuka Dive Bomb
Starfucker
CantCNC
jackliushanghai
Köfte
BloodSpark
Cons01
alicece2
Bllndc
0
0

Comments sign in to comment!

No comments posted yet!